Canucks vs Bruins (R1)

Created - November 21, 2024 at 20:41

Goals
1 2 3 T
Canucks 3 0 1 4
Bruins 1 3 1 5
Shots
1 2 3 T
Canucks 10 8 12 30
Bruins 5 16 9 30

1st period

1. Canucks , J.T. Miller 8 (Jordan Eberle 3, Chris Tierney 12) at 3:01
2. Canucks , Brock Boeser 6 (Yanni Gourde 8, Denis Gurianov 5) at 3:17
3. Canucks , Yanni Gourde 5 (Denis Gurianov 6, Brock Boeser 10) at 10:04
4. Bruins , Wojtek Wolski 8 (Gabriel Landeskog 6, Zack Kassian 10) at 12:30

Penalties :
Jordan Eberle (Van) for Holding (Minor) at 5:33, Wojtek Wolski (Bos) for Slashing (Minor) at 10:09, Jonathan Toews (Bos) for Roughing (Minor) at 13:32

2nd period

5. Bruins , Wojtek Wolski 9 (Alexander Wennberg 6, Zack Kassian 11) at 0:32
6. Bruins , Alexander Wennberg 4 (Wojtek Wolski 4, Madison Bowey 5) at 2:24
7. Bruins , Wojtek Wolski 10 (Alexander Wennberg 7) at 10:36

Penalties :
Tyler Cuma (Van) for High sticking (Minor) at 2:38, Torey Krug (Bos) for Roughing (Double Minor) at 5:53, Zack Kassian (Bos) for Hooking (Minor) at 11:22, Tyler Kennedy (Van) for Holding Stick (Minor) at 18:57

3rd period

8. Bruins , Casey Cizikas 4 (Adam Pelech 2, Eric Wellwood 4) at 5:45
9. Canucks , Jordan Eberle 6 (J.T. Miller 10, Chris Tierney 13) at 6:58 (PP)

Penalties :
Jason Spezza (Van) for Interference (Minor) at 1:56, Torey Krug (Bos) for Slashing (Minor) at 4:06, Travis Hamonic (Van) for Holding (Minor) at 4:21, Torey Krug (Bos) for Roughing (Minor) at 6:52, Zack Kassian (Bos) for Roughing (Minor) at 17:33

Goalie Stats

Matt Hackett (Van), 25 saves from 30 shots - (0.833), L, 2-2-0, 59:17 minutes
Kevin Poulin (Bos), 26 saves from 30 shots - (0.867), W, 6-4-3, 60:00 minutes

Players Stats for Canucks

Player Name              G  A  P  +/- PIM S  H  SB GA TA FO     MP     PP MP  PK MP  
------------------------------------------------------------------------------------
Alex Goligoski           0  0  0  -1  0   2  2  3  0  0  0/0    21:06   4:55   3:06 
Ben Harpur               0  0  0  -1  0   0  0  0  0  0  0/0    11:15   0:33   1:04 
Brock Boeser             1  1  2  -2  0   3  1  1  0  0  0/1    15:57   5:53   0:00 
Chris Tierney            0  2  2   1  0   4  2  0  1  0  16/28  22:37   5:25   2:35 
Denis Gurianov           0  2  2  -2  0   2  1  1  0  0  0/0    17:09   5:53   1:04 
Gilbert Brule            0  0  0   0  0   0  0  0  0  0  0/0     8:03   0:21   1:45 
J.T. Miller              1  1  2   1  0   4  3  0  1  0  8/13   25:35   5:34   4:45 
Jason Spezza             0  0  0  -1  2   1  0  0  0  0  0/0     8:26   1:03   0:00 
Jordan Eberle            1  1  2   1  2   6  2  0  0  0  0/1    24:41   5:24   3:39 
Mark Jankowski           0  0  0   0  0   1  2  1  0  0  0/0     7:46   0:13   0:18 
Matt Martin              0  0  0   0  0   0  2  0  0  0  0/0     5:57   0:00   0:00 
Michael Kesselring       0  0  0   0  0   0  0  0  0  0  0/0     9:40   0:33   1:04 
Robert Nilsson           0  0  0  -1  0   1  2  2  0  1  2/2     8:23   0:48   0:00 
Tony DeAngelo            0  0  0  -1  0   0  2  0  0  1  0/0    20:55   4:55   2:25 
Travis Hamonic           0  0  0   0  2   2  1  0  0  0  0/0    27:56   6:47   4:39 
Tyler Cuma               0  0  0  -1  2   2  3  0  0  3  0/0    29:16   6:48   4:04 
Tyler Kennedy            0  0  0   0  2   0  2  0  0  0  0/0     6:37   0:26   0:00 
Yanni Gourde             1  1  2  -2  0   2  1  1  0  0  9/16   18:41   5:48   2:16 

Players Stats for Bruins

Player Name              G  A  P  +/- PIM S  H  SB GA TA FO     MP     PP MP  PK MP  
------------------------------------------------------------------------------------
Adam Pelech              0  1  1   0  0   0  0  0  0  0  0/0    11:07   0:00   0:57 
Alexander Wennberg       1  2  3   2  0   2  3  0  1  0  8/14   17:59   3:36   3:43 
Andreas Athanasiou       0  0  0   0  0   1  2  1  0  0  0/0    13:34   0:00   3:30 
Brett Pesce              0  0  0   0  0   0  1  1  0  0  0/0     5:09   0:00   1:31 
Casey Cizikas            1  0  1   1  0   2  0  1  1  0  0/5    10:53   0:00   0:23 
Eric Wellwood            0  1  1   1  0   0  1  0  0  0  0/1    13:40   0:00   3:23 
Gabriel Landeskog        0  1  1  -1  0   4  3  1  0  0  3/13   27:44   4:35   6:30 
Jason Demers             0  0  0   1  0   1  0  4  1  1  0/0    30:20   5:09   6:43 
John Quenneville         0  0  0   0  0   0  0  0  0  0  1/1     4:03   0:00   0:00 
Jonathan Toews           0  0  0  -2  2   2  1  1  0  0  12/24  20:01   4:33   2:11 
Josh Manson              0  0  0   2  0   1  0  0  0  0  0/0    16:49   3:02   3:38 
Madison Bowey            0  1  1   1  0   1  1  1  0  1  0/0    27:56   5:09   6:43 
Mark Stone               0  0  0   2  0   4  2  0  0  0  1/1    13:59   3:36   0:00 
Mattias Ekholm           0  0  0  -1  0   0  2  0  0  0  0/0     9:41   0:00   1:52 
Torey Krug               0  0  0   1  8   0  1  1  0  0  0/0    19:39   3:04   3:08 
Wojtek Wolski            3  1  4   3  2   9  1  0  2  0  0/1    15:11   3:36   0:42 
Zack Kassian             0  2  2  -1  4   3  2  0  0  0  1/1    24:05   4:35   4:10 
Zemgus Girgensons        0  0  0   0  0   0  0  0  0  0  0/0     4:03   0:00   0:00 

3 Stars

1 - Wojtek Wolski (Bos)
2 - Alexander Wennberg (Bos)
3 - J.T. Miller (Van)

Power Play

Canucks - 1 on 8 Attempt(s) - 12.50%
Bruins - 0 on 5 Attempt(s) - 0.00%

Penalty Kill

Canucks - 5 on 5 Attempt(s) - 100.00% - Score 0 goal in Penalty Kill
Bruins - 7 on 8 Attempt(s) - 87.50% - Score 0 goal in Penalty Kill

Team Stat

Canucks - Hits : 26 - Faceoff Wins : 35 - Blocked Shots : 9 - Penalty Minutes : 10
Bruins - Hits : 20 - Faceoff Wins : 26 - Blocked Shots : 11 - Penalty Minutes : 16

Official

Referees : Pierre Lambert and Steve Kozari
Linesman : Jesse Marquis and Ryan Gibbons

Game Notes

Wojtek Wolski has scored a Hat Trick!
19:49 of 2nd period - Bruins goal is going for a video replay. After video review, No Goal. The referee deems the play has been stopped, even if he had not physically had the opportunity to stop play by blowing his whistle.
Josh Manson is injured at 9:48 of 3rd period (Lacerated Left Calf)

Finance

Level 1 -- Attendance: 5729 (95.48%) -- Ticket Income $572,900
Level 2 -- Attendance: 4808 (96.16%) -- Ticket Income $336,560
Level 3 -- Attendance: 1868 (93.40%) -- Ticket Income $74,720
Level 4 -- Attendance: 3722 (93.05%) -- Ticket Income $111,660
Luxury Box -- Attendance: 946 (94.60%) -- Ticket Income $189,200
Game was played at the TD Garden.
Total Attendance: 17073 (94.85%)
Total Ticket Income: $1,285,040
Other Income: $192,756
Total Income: $1,477,796

Canucks

5 vs 5 Forward 
   Center                   Left Wing                Right Wing               Time % Phy DF OF 
 1 Chris Tierney            J.T. Miller              Jordan Eberle            56     1   2  2  
 2 Yanni Gourde             Denis Gurianov           Brock Boeser             30     1   2  2  
 3 Robert Nilsson           Mark Jankowski           Jason Spezza             10     1   2  2  
 4 Gilbert Brule            Matt Martin              Tyler Kennedy            4      1   2  2  

5 vs 5 Defense 
   Defense                  Defense                                           Time % Phy DF OF 
 1 Travis Hamonic           Tyler Cuma                                        50     1   2  2  
 2 Alex Goligoski           Tony DeAngelo                                     37     1   2  2  
 3 Ben Harpur               Michael Kesselring                                9      1   2  2  
 4 Travis Hamonic           Tyler Cuma                                        4      1   2  2  

PowerPlay Forward 
   Center                   Left Wing                Right Wing               Time % Phy DF OF 
 1 Chris Tierney            J.T. Miller              Jordan Eberle            60     1   2  2  
 2 Yanni Gourde             Denis Gurianov           Brock Boeser             40     1   2  2  

PowerPlay Defense
   Defense                  Defense                                           Time % Phy DF OF 
 1 Travis Hamonic           Tyler Cuma                                        60     1   2  2  
 2 Alex Goligoski           Tony DeAngelo                                     40     1   2  2  

Penalty Kill 4 Players Forward 
   Center                   Wing                     Time % Phy DF OF 
 1 J.T. Miller              Jordan Eberle            60     1   2  2  
 2 Chris Tierney            Yanni Gourde             40     1   2  2  

Penalty Kill 4 Players Defense
   Defense                  Defense                  Time % Phy DF OF 
 1 Travis Hamonic           Tyler Cuma               60     1   2  2  
 2 Alex Goligoski           Tony DeAngelo            40     1   2  2  

Penalty Kill - 3 Players Forward 
   Forward                                           Time % Phy DF OF 
 1 J.T. Miller                                       60     1   2  2  
 2 Jordan Eberle                                     40     1   2  2  

Penalty Kill - 3 Players Defense
   Defense                  Defense                  Time % Phy DF OF 
 1 Travis Hamonic           Tyler Cuma               60     1   2  2  
 2 Alex Goligoski           Tony DeAngelo            40     1   2  2  

4 vs 4 Forward 
   Center                   Wing                     Time % Phy DF OF 
 1 J.T. Miller              Jordan Eberle            60     1   2  2  
 2 Chris Tierney            Yanni Gourde             40     1   2  2  

4 vs 4 Defense
   Defense                  Defense                  Time % Phy DF OF 
 1 Travis Hamonic           Tyler Cuma               60     1   2  2  
 2 Alex Goligoski           Tony DeAngelo            40     1   2  2  

Last Minutes Offensive
   Center                   Left Wing                Right Wing               Defense                  Defense                  
   Chris Tierney            J.T. Miller              Jordan Eberle            Travis Hamonic           Tyler Cuma               

Last Minutes Defensive
   Center                   Left Wing                Right Wing               Defense                  Defense                  
   Chris Tierney            J.T. Miller              Jordan Eberle            Travis Hamonic           Tyler Cuma               

Goaltenders
Starting : Matt Hackett             
Backup : Petr Mrazek              

Extra Forwards
Normal : Robert Nilsson, Jason Spezza, Gilbert Brule - PP : Robert Nilsson, Jason Spezza - PK : Gilbert Brule
Extra Defensemen
Normal : Ben Harpur, Michael Kesselring, Alex Goligoski - PP : Ben Harpur - PK : Michael Kesselring, Alex Goligoski
Penalty Shots
J.T. Miller, Jordan Eberle, Chris Tierney, Yanni Gourde, Robert Nilsson
Custom OT Lines Forwards
J.T. Miller, Jordan Eberle, Chris Tierney, Yanni Gourde, Robert Nilsson, Matt Martin, Brock Boeser, Jason Spezza, Gilbert Brule, Mark Jankowski
Custom OT Lines Defensemen
Travis Hamonic, Tyler Cuma, Alex Goligoski, Tony DeAngelo, Ben Harpur

Scratches
Oliver Ekman-Larsson (Sprained Left Ankle Injury)

Bruins

5 vs 5 Forward 
   Center                   Left Wing                Right Wing               Time % Phy DF OF 
 1 Jonathan Toews           Gabriel Landeskog        Zack Kassian             40     1   2  2  
 2 Alexander Wennberg       Wojtek Wolski            Mark Stone               30     1   2  2  
 3 Casey Cizikas            Eric Wellwood            Andreas Athanasiou       20     1   2  2  
 4 John Quenneville         Zemgus Girgensons        Gabriel Landeskog        10     1   2  2  

5 vs 5 Defense 
   Defense                  Defense                                           Time % Phy DF OF 
 1 Jason Demers             Madison Bowey                                     40     1   2  2  
 2 Torey Krug               Josh Manson                                       30     1   2  2  
 3 Adam Pelech              Mattias Ekholm                                    20     1   2  2  
 4 Brett Pesce              Jason Demers                                      10     1   2  2  

PowerPlay Forward 
   Center                   Left Wing                Right Wing               Time % Phy DF OF 
 1 Jonathan Toews           Gabriel Landeskog        Zack Kassian             60     1   2  2  
 2 Alexander Wennberg       Wojtek Wolski            Mark Stone               40     1   2  2  

PowerPlay Defense
   Defense                  Defense                                           Time % Phy DF OF 
 1 Jason Demers             Madison Bowey                                     60     1   2  2  
 2 Torey Krug               Josh Manson                                       40     1   2  2  

Penalty Kill 4 Players Forward 
   Center                   Wing                     Time % Phy DF OF 
 1 Gabriel Landeskog        Zack Kassian             60     1   2  2  
 2 Jonathan Toews           Alexander Wennberg       40     1   2  2  

Penalty Kill 4 Players Defense
   Defense                  Defense                  Time % Phy DF OF 
 1 Jason Demers             Madison Bowey            60     1   2  2  
 2 Torey Krug               Josh Manson              40     1   2  2  

Penalty Kill - 3 Players Forward 
   Forward                                           Time % Phy DF OF 
 1 Gabriel Landeskog                                 60     1   2  2  
 2 Zack Kassian                                      40     1   2  2  

Penalty Kill - 3 Players Defense
   Defense                  Defense                  Time % Phy DF OF 
 1 Jason Demers             Madison Bowey            60     1   2  2  
 2 Torey Krug               Josh Manson              40     1   2  2  

4 vs 4 Forward 
   Center                   Wing                     Time % Phy DF OF 
 1 Gabriel Landeskog        Zack Kassian             60     1   2  2  
 2 Jonathan Toews           Alexander Wennberg       40     1   2  2  

4 vs 4 Defense
   Defense                  Defense                  Time % Phy DF OF 
 1 Jason Demers             Madison Bowey            60     1   2  2  
 2 Torey Krug               Josh Manson              40     1   2  2  

Last Minutes Offensive
   Center                   Left Wing                Right Wing               Defense                  Defense                  
   Jonathan Toews           Gabriel Landeskog        Zack Kassian             Jason Demers             Madison Bowey            

Last Minutes Defensive
   Center                   Left Wing                Right Wing               Defense                  Defense                  
   Jonathan Toews           Gabriel Landeskog        Zack Kassian             Jason Demers             Madison Bowey            

Goaltenders
Starting : Kevin Poulin             
Backup : Tuukka Rask              

Extra Forwards
Normal : Eric Wellwood, Casey Cizikas, Andreas Athanasiou - PP : Eric Wellwood, Casey Cizikas - PK : Andreas Athanasiou
Extra Defensemen
Normal : Adam Pelech, Mattias Ekholm, Brett Pesce - PP : Adam Pelech - PK : Mattias Ekholm, Brett Pesce
Penalty Shots
Gabriel Landeskog, Zack Kassian, Jonathan Toews, Alexander Wennberg, Wojtek Wolski
Custom OT Lines Forwards
Gabriel Landeskog, Zack Kassian, Jonathan Toews, Alexander Wennberg, Wojtek Wolski, Mark Stone, Eric Wellwood, Casey Cizikas, Andreas Athanasiou, Zemgus Girgensons
Custom OT Lines Defensemen
Jason Demers, Madison Bowey, Torey Krug, Josh Manson, Adam Pelech

Scratches
Craig Smith (Sprained Right Finger Injury), Walker Duehr (Healthy)

% Time on Ice - Canucks

Lines # - Real PCT - Wanted PCT - Time Play
Normal Forward
1 - 37% - 56% - 14:05
2 - 27% - 30% - 10:17
3 - 19% - 10% - 7:15
4 - 16% - 4% - 5:57
Normal Defense
1 - 48% - 50% - 17:57
2 - 34% - 37% - 12:42
3 - 18% - 9% - 6:55
4 - 0% - 4% - 0:00
PP Forward
1 - 52% - 60% - 6:23
2 - 48% - 40% - 5:53
PP Defense
1 - 60% - 60% - 7:21
2 - 40% - 40% - 4:55
PK Forward
1 - 72% - 60% - 5:55
2 - 28% - 40% - 2:16
PK Defense
1 - 70% - 60% - 5:46
2 - 30% - 40% - 2:25
PK3 Forward
1 - 0% - 60%
2 - 0% - 40%
PK3 Defense
1 - 0% - 60%
2 - 0% - 40%
44 Forward
1 - 81% - 60% - 1:24
2 - 19% - 40% - 0:20
44 Defense
1 - 63% - 60% - 1:06
2 - 37% - 40% - 0:38
Last Minute Offensive  - 0:15
Last Minute Defensive  - 0:00
Total
Forward - 60:00
Defense - 60:00

% Time on Ice - Bruins

Lines # - Real PCT - Wanted PCT - Time Play
Normal Forward
1 - 37% - 40% - 13:57
2 - 29% - 30% - 10:53
3 - 23% - 20% - 8:42
4 - 11% - 10% - 4:03
Normal Defense
1 - 38% - 40% - 14:21
2 - 36% - 30% - 13:30
3 - 20% - 20% - 7:20
4 - 6% - 10% - 2:24
PP Forward
1 - 56% - 60% - 4:35
2 - 44% - 40% - 3:36
PP Defense
1 - 63% - 60% - 5:09
2 - 37% - 40% - 3:02
PK Forward
1 - 76% - 60% - 9:22
2 - 24% - 40% - 2:54
PK Defense
1 - 55% - 60% - 6:43
2 - 45% - 40% - 5:33
PK3 Forward
1 - 0% - 60%
2 - 0% - 40%
PK3 Defense
1 - 0% - 60%
2 - 0% - 40%
44 Forward
1 - 83% - 60% - 1:26
2 - 17% - 40% - 0:18
44 Defense
1 - 86% - 60% - 1:29
2 - 14% - 40% - 0:15
Last Minute Offensive  - 0:00
Last Minute Defensive  - 0:14
Total
Forward - 60:00
Defense - 60:00

Play-by-Play

1st period


0:01 of 1st period - Jonathan Toews wins face-off versus Chris Tierney in neutral zone.
0:49 of 1st period - Alex Goligoski is hit by Andreas Athanasiou and loses puck.
1:08 of 1st period - Andreas Athanasiou is hit by Matt Martin and loses puck.
2:02 of 1st period - Wrist shot by Andreas Athanasiou.
2:02 of 1st period - Stopped by Matt Hackett with a rebound.
2:04 of 1st period - Slapshot by Torey Krug.
2:04 of 1st period - Deflect By Andreas Athanasiou.
2:04 of 1st period - Shot Misses the Net.
2:04 of 1st period - Puck is out of play.
2:05 of 1st period - Jonathan Toews wins face-off versus J.T. Miller in Canucks zone.
2:13 of 1st period - Wrist shot by Jordan Eberle.
2:13 of 1st period - Stopped by Kevin Poulin without a rebound.
2:14 of 1st period - Jonathan Toews wins face-off versus Chris Tierney in Bruins zone.
2:19 of 1st period - Tyler Cuma is hit by Mattias Ekholm and loses puck.
3:01 of 1st period - Snap shot by J.T. Miller.
3:01 of 1st period - Goal by J.T. Miller - Canucks : 1 - Bruins : 0.
3:02 of 1st period - Yanni Gourde wins face-off versus Wojtek Wolski in neutral zone.
3:17 of 1st period - Snap shot by Brock Boeser.
3:17 of 1st period - Goal by Brock Boeser - Canucks : 2 - Bruins : 0.
3:18 of 1st period - Alexander Wennberg wins face-off versus Chris Tierney in neutral zone.
3:24 of 1st period - Icing by J.T. Miller.
3:25 of 1st period - Alexander Wennberg wins face-off versus Chris Tierney in Canucks zone.
3:42 of 1st period - Wrist shot by J.T. Miller.
3:42 of 1st period - Stopped by Kevin Poulin without a rebound.
3:43 of 1st period - John Quenneville wins face-off versus Yanni Gourde in Bruins zone.
3:48 of 1st period - Yanni Gourde is hit by Gabriel Landeskog and loses puck.
4:09 of 1st period - Brett Pesce is hit by Jordan Eberle and loses puck.
5:33 of 1st period - Minor Penalty to Jordan Eberle for Holding.
5:34 of 1st period - Jonathan Toews wins face-off versus J.T. Miller in Canucks zone.
5:38 of 1st period - Wrist shot by Zack Kassian.
5:38 of 1st period - Shot Misses the Net.
6:28 of 1st period - Snap shot by Chris Tierney.
6:28 of 1st period - Deflect By Yanni Gourde.
6:28 of 1st period - Stopped by Kevin Poulin with a rebound.
7:33 of 1st period - Penalty to Jordan Eberle is over, Jordan Eberle is back on ice.
9:09 of 1st period - Snap shot by Chris Tierney.
9:09 of 1st period - Stopped by Kevin Poulin without a rebound.
9:10 of 1st period - Yanni Gourde wins face-off versus Casey Cizikas in Bruins zone.
9:13 of 1st period - Snap shot by Brock Boeser.
9:13 of 1st period - Deflect By Denis Gurianov.
9:13 of 1st period - Shot Hit the Post.
9:13 of 1st period - Puck is out of play.
9:14 of 1st period - Yanni Gourde wins face-off versus Casey Cizikas in Bruins zone.
9:27 of 1st period - Slapshot by Casey Cizikas.
9:27 of 1st period - Stopped by Matt Hackett with a rebound.
9:30 of 1st period - Icing by Travis Hamonic.
9:31 of 1st period - Yanni Gourde wins face-off versus Jonathan Toews in Canucks zone.
10:04 of 1st period - Wrist shot by Yanni Gourde.
10:04 of 1st period - Goal by Yanni Gourde - Canucks : 3 - Bruins : 0.
10:05 of 1st period - Chris Tierney wins face-off versus Alexander Wennberg in neutral zone.
10:09 of 1st period - Minor Penalty to Wojtek Wolski for Slashing.
10:10 of 1st period - Chris Tierney wins face-off versus Gabriel Landeskog in Bruins zone.
10:44 of 1st period - Snap shot by Jordan Eberle.
10:44 of 1st period - Deflect By Chris Tierney.
10:44 of 1st period - Deflect By Jason Demers.
10:44 of 1st period - Shot Misses the Net.
10:44 of 1st period - Puck is out of play.
10:45 of 1st period - Gabriel Landeskog wins face-off versus Yanni Gourde in Bruins zone.
12:09 of 1st period - Penalty to Wojtek Wolski is over, Wojtek Wolski is back on ice.
12:30 of 1st period - Snap shot by Gabriel Landeskog.
12:30 of 1st period - Deflect By Wojtek Wolski.
12:30 of 1st period - Goal by Wojtek Wolski - Canucks : 3 - Bruins : 1.
12:31 of 1st period - Alexander Wennberg wins face-off versus Chris Tierney in neutral zone.
13:11 of 1st period - Snap shot by Robert Nilsson.
13:11 of 1st period - Stopped by Kevin Poulin without a rebound.
13:12 of 1st period - Gabriel Landeskog wins face-off versus Chris Tierney in Bruins zone.
13:12 of 1st period - Gabriel Landeskog is hit by Jordan Eberle.
13:32 of 1st period - Minor Penalty to Jonathan Toews for Roughing.
13:33 of 1st period - Chris Tierney wins face-off versus Gabriel Landeskog in Bruins zone.
13:36 of 1st period - Wrist shot by Jordan Eberle.
13:36 of 1st period - Shot Blocked by Jason Demers.
13:38 of 1st period - Slapshot by Travis Hamonic.
13:38 of 1st period - Stopped by Kevin Poulin with a rebound.
13:50 of 1st period - Snap shot by J.T. Miller.
13:50 of 1st period - Deflect By Chris Tierney.
13:50 of 1st period - Deflect By Zack Kassian.
13:50 of 1st period - Shot Blocked by Gabriel Landeskog.
13:50 of 1st period - Puck is out of play.
13:51 of 1st period - Chris Tierney wins face-off versus Gabriel Landeskog in Bruins zone.
13:54 of 1st period - Snap shot by Chris Tierney.
13:54 of 1st period - Shot Misses the Net.
13:56 of 1st period - Wrist shot by J.T. Miller.
13:56 of 1st period - Deflect By Chris Tierney.
13:56 of 1st period - Stopped by Kevin Poulin with a rebound.
13:58 of 1st period - Snap shot by Jordan Eberle.
13:58 of 1st period - Shot Misses the Net.
14:55 of 1st period - Madison Bowey is hit by Alex Goligoski.
15:05 of 1st period - Yanni Gourde is hit by Alexander Wennberg and loses puck.
15:32 of 1st period - Penalty to Jonathan Toews is over, Jonathan Toews is back on ice.
15:35 of 1st period - Casey Cizikas is hit by Tony DeAngelo and loses puck.
15:48 of 1st period - Wrist shot by Wojtek Wolski.
15:48 of 1st period - Shot Misses the Net.
15:50 of 1st period - Slapshot by Jason Demers.
15:50 of 1st period - Stopped by Matt Hackett with a rebound.
15:52 of 1st period - Wrist shot by Mark Stone.
15:52 of 1st period - Stopped by Matt Hackett with a rebound.
15:54 of 1st period - Snap shot by Wojtek Wolski.
15:54 of 1st period - Shot Misses the Net.
17:18 of 1st period - Denis Gurianov is hit by Mark Stone and loses puck.
17:33 of 1st period - Chris Tierney is hit by Brett Pesce and loses puck.
18:13 of 1st period - Zack Kassian is hit by Mark Jankowski and loses puck.
18:28 of 1st period - Mattias Ekholm is hit by Tyler Cuma and loses puck.
19:39 of 1st period - Gabriel Landeskog is hit by Tyler Kennedy and loses puck.
Goals for this period are 3 for Canucks vs 1 for Bruins.
Shots for this period are 10 for Canucks vs 5 for Bruins.

2nd period


0:01 of 2nd period - Chris Tierney wins face-off versus Jonathan Toews in neutral zone.
0:06 of 2nd period - Wrist shot by Tyler Cuma.
0:06 of 2nd period - Shot Misses the Net.
0:08 of 2nd period - Slapshot by Tyler Cuma.
0:08 of 2nd period - Stopped by Kevin Poulin with a rebound.
0:14 of 2nd period - Wrist shot by J.T. Miller.
0:14 of 2nd period - Stopped by Kevin Poulin with a rebound.
0:16 of 2nd period - Snap shot by J.T. Miller.
0:16 of 2nd period - Shot Blocked by Jason Demers.
0:30 of 2nd period - Wrist shot by Wojtek Wolski.
0:30 of 2nd period - Shot Misses the Net.
0:32 of 2nd period - Wrist shot by Wojtek Wolski.
0:32 of 2nd period - Goal by Wojtek Wolski - Canucks : 3 - Bruins : 2.
0:33 of 2nd period - Chris Tierney wins face-off versus Jonathan Toews in neutral zone.
0:51 of 2nd period - Off-side.
0:52 of 2nd period - Mark Stone wins face-off versus Yanni Gourde in neutral zone.
1:01 of 2nd period - Snap shot by Alexander Wennberg.
1:01 of 2nd period - Deflect By Wojtek Wolski.
1:01 of 2nd period - Stopped by Matt Hackett without a rebound.
1:02 of 2nd period - Alexander Wennberg wins face-off versus Yanni Gourde in Canucks zone.
1:11 of 2nd period - Wrist shot by Alexander Wennberg.
1:11 of 2nd period - Shot Misses the Net.
1:13 of 2nd period - Slapshot by Alexander Wennberg.
1:13 of 2nd period - Deflect By Wojtek Wolski.
1:13 of 2nd period - Stopped by Matt Hackett with a rebound.
1:15 of 2nd period - Snap shot by Mark Stone.
1:15 of 2nd period - Stopped by Matt Hackett with a rebound.
1:17 of 2nd period - Slapshot by Josh Manson.
1:17 of 2nd period - Stopped by Matt Hackett with a rebound.
1:19 of 2nd period - Snap shot by Mark Stone.
1:19 of 2nd period - Stopped by Matt Hackett with a rebound.
1:27 of 2nd period - Slapshot by Wojtek Wolski.
1:27 of 2nd period - Stopped by Matt Hackett without a rebound.
1:28 of 2nd period - Chris Tierney wins face-off versus Jonathan Toews in Canucks zone.
1:45 of 2nd period - Wrist shot by Chris Tierney.
1:45 of 2nd period - Shot Blocked by Madison Bowey.
1:55 of 2nd period - Jason Spezza is hit by Eric Wellwood and loses puck.
2:24 of 2nd period - Wrist shot by Alexander Wennberg.
2:24 of 2nd period - Goal by Alexander Wennberg - Canucks : 3 - Bruins : 3.
2:25 of 2nd period - Jonathan Toews wins face-off versus Chris Tierney in neutral zone.
2:36 of 2nd period - Wrist shot by Jonathan Toews.
2:36 of 2nd period - Shot Misses the Net.
2:38 of 2nd period - Minor Penalty to Tyler Cuma for High sticking.
2:39 of 2nd period - J.T. Miller wins face-off versus Jonathan Toews in Canucks zone.
2:52 of 2nd period - Wrist shot by Jonathan Toews.
2:52 of 2nd period - Shot Misses the Net.
2:54 of 2nd period - Snap shot by Madison Bowey.
2:54 of 2nd period - Stopped by Matt Hackett with a rebound.
3:16 of 2nd period - Snap shot by Yanni Gourde.
3:16 of 2nd period - Shot Misses the Net.
4:21 of 2nd period - Alex Goligoski is hit by Gabriel Landeskog and loses puck.
4:38 of 2nd period - Penalty to Tyler Cuma is over, Tyler Cuma is back on ice.
4:47 of 2nd period - Robert Nilsson is hit by Mark Stone and loses puck.
4:58 of 2nd period - Mattias Ekholm is hit by Brock Boeser and loses puck.
5:05 of 2nd period - Wrist shot by Denis Gurianov.
5:05 of 2nd period - Stopped by Kevin Poulin without a rebound.
5:06 of 2nd period - Yanni Gourde wins face-off versus Casey Cizikas in Bruins zone.
5:07 of 2nd period - Snap shot by Denis Gurianov.
5:07 of 2nd period - Deflect By Torey Krug.
5:07 of 2nd period - Stopped by Kevin Poulin without a rebound.
5:08 of 2nd period - Yanni Gourde wins face-off versus Casey Cizikas in Bruins zone.
5:19 of 2nd period - Slapshot by Eric Wellwood.
5:19 of 2nd period - Shot Blocked by Brock Boeser.
5:53 of 2nd period - Double Minor Penalty to Torey Krug for Roughing.
5:54 of 2nd period - Gabriel Landeskog wins face-off versus Chris Tierney in Bruins zone.
6:48 of 2nd period - Gabriel Landeskog is hit by Tony DeAngelo and loses puck.
9:53 of 2nd period - Penalty to Torey Krug is over, Torey Krug is back on ice.
10:24 of 2nd period - Snap shot by Torey Krug.
10:24 of 2nd period - Shot Blocked by Robert Nilsson.
10:32 of 2nd period - Slapshot by Zack Kassian.
10:32 of 2nd period - Shot Blocked by Mark Jankowski.
10:34 of 2nd period - Wrist shot by Zack Kassian.
10:34 of 2nd period - Stopped by Matt Hackett without a rebound.
10:35 of 2nd period - Alexander Wennberg wins face-off versus Brock Boeser in Canucks zone.
10:36 of 2nd period - Wrist shot by Wojtek Wolski.
10:36 of 2nd period - Goal by Wojtek Wolski - Canucks : 3 - Bruins : 4.
10:37 of 2nd period - Chris Tierney wins face-off versus Alexander Wennberg in neutral zone.
10:41 of 2nd period - Off-side.
10:42 of 2nd period - Chris Tierney wins face-off versus Alexander Wennberg in neutral zone.
10:57 of 2nd period - Slapshot by Wojtek Wolski.
10:57 of 2nd period - Stopped by Matt Hackett without a rebound.
10:58 of 2nd period - Jonathan Toews wins face-off versus Chris Tierney in Canucks zone.
11:07 of 2nd period - Wrist shot by Jordan Eberle.
11:07 of 2nd period - Stopped by Kevin Poulin with a rebound.
11:09 of 2nd period - Snap shot by J.T. Miller.
11:09 of 2nd period - Shot Misses the Net.
11:11 of 2nd period - Slapshot by Tyler Cuma.
11:11 of 2nd period - Deflect By Jordan Eberle.
11:11 of 2nd period - Stopped by Kevin Poulin without a rebound.
11:12 of 2nd period - Chris Tierney wins face-off versus Jonathan Toews in Bruins zone.
11:19 of 2nd period - Snap shot by Jordan Eberle.
11:19 of 2nd period - Stopped by Kevin Poulin without a rebound.
11:20 of 2nd period - Jonathan Toews wins face-off versus Chris Tierney in Bruins zone.
11:22 of 2nd period - Minor Penalty to Zack Kassian for Hooking.
11:23 of 2nd period - Chris Tierney wins face-off versus Gabriel Landeskog in Bruins zone.
11:33 of 2nd period - Snap shot by J.T. Miller.
11:33 of 2nd period - Shot Hit the Post.
11:35 of 2nd period - Snap shot by Tyler Cuma.
11:35 of 2nd period - Stopped by Kevin Poulin with a rebound.
11:53 of 2nd period - Madison Bowey is hit by Yanni Gourde.
13:22 of 2nd period - Penalty to Zack Kassian is over, Zack Kassian is back on ice.
13:30 of 2nd period - Snap shot by Zack Kassian.
13:30 of 2nd period - Shot Misses the Net.
13:32 of 2nd period - Wrist shot by Casey Cizikas.
13:32 of 2nd period - Shot Blocked by Robert Nilsson.
13:34 of 2nd period - Slapshot by Adam Pelech.
13:34 of 2nd period - Shot Misses the Net.
13:36 of 2nd period - Wrist shot by Jonathan Toews.
13:36 of 2nd period - Shot Misses the Net.
13:38 of 2nd period - Slapshot by Jonathan Toews.
13:38 of 2nd period - Shot Misses the Net.
13:50 of 2nd period - Tyler Kennedy is hit by Alexander Wennberg and loses puck.
15:29 of 2nd period - Zemgus Girgensons is hit by Chris Tierney.
15:33 of 2nd period - Slapshot by Madison Bowey.
15:33 of 2nd period - Shot Blocked by Alex Goligoski.
16:15 of 2nd period - Casey Cizikas is hit by J.T. Miller and loses puck.
16:38 of 2nd period - Jason Demers is hit by Tyler Kennedy and loses puck.
16:49 of 2nd period - Jason Demers is hit by Denis Gurianov and loses puck.
17:08 of 2nd period - Zemgus Girgensons is hit by Robert Nilsson and loses puck.
17:25 of 2nd period - Adam Pelech is hit by Alex Goligoski and loses puck.
17:52 of 2nd period - Casey Cizikas is hit by Travis Hamonic.
18:13 of 2nd period - Zack Kassian is hit by Chris Tierney and loses puck.
18:36 of 2nd period - Zemgus Girgensons is hit by Matt Martin and loses puck.
18:57 of 2nd period - Minor Penalty to Tyler Kennedy for Holding Stick.
18:58 of 2nd period - J.T. Miller wins face-off versus Jonathan Toews in Canucks zone.
18:58 of 2nd period - J.T. Miller is hit by Gabriel Landeskog.
19:10 of 2nd period - Slapshot by Gabriel Landeskog.
19:10 of 2nd period - Stopped by Matt Hackett with a rebound.
19:12 of 2nd period - Snap shot by Jonathan Toews.
19:12 of 2nd period - Stopped by Matt Hackett without a rebound.
19:13 of 2nd period - Alexander Wennberg wins face-off versus J.T. Miller in Canucks zone.
19:14 of 2nd period - Wrist shot by Wojtek Wolski.
19:14 of 2nd period - Deflect By Mark Stone.
19:14 of 2nd period - Stopped by Matt Hackett with a rebound.
19:28 of 2nd period - Mark Stone is hit by J.T. Miller and loses puck.
19:47 of 2nd period - Slapshot by Zack Kassian.
19:47 of 2nd period - Shot Misses the Net.
19:49 of 2nd period - Wrist shot by Zack Kassian.
19:49 of 2nd period - Bruins goal is going for a video replay.
19:49 of 2nd period - The goal is refused. The referee deems the play has been stopped, even if he had not physically had the opportunity to stop play by blowing his whistle..
19:50 of 2nd period - J.T. Miller wins face-off versus Jonathan Toews in Canucks zone.
Goals for this period are 0 for Canucks vs 3 for Bruins.
Shots for this period are 8 for Canucks vs 16 for Bruins.

3rd period


0:01 of 3rd period - Zack Kassian wins face-off versus J.T. Miller in neutral zone.
0:14 of 3rd period - Snap shot by Zack Kassian.
0:14 of 3rd period - Stopped by Matt Hackett without a rebound.
0:15 of 3rd period - J.T. Miller wins face-off versus Jonathan Toews in Canucks zone.
0:50 of 3rd period - Wrist shot by Chris Tierney.
0:50 of 3rd period - Stopped by Kevin Poulin without a rebound.
0:51 of 3rd period - Jonathan Toews wins face-off versus J.T. Miller in Bruins zone.
0:57 of 3rd period - Penalty to Tyler Kennedy is over, Tyler Kennedy is back on ice.
1:04 of 3rd period - Snap shot by Gabriel Landeskog.
1:04 of 3rd period - Stopped by Matt Hackett with a rebound.
1:26 of 3rd period - Slapshot by Alexander Wennberg.
1:26 of 3rd period - Stopped by Matt Hackett with a rebound.
1:28 of 3rd period - Slapshot by Wojtek Wolski.
1:28 of 3rd period - Shot Misses the Net.
1:35 of 3rd period - Icing by Tyler Cuma.
1:36 of 3rd period - Robert Nilsson wins face-off versus Casey Cizikas in Canucks zone.
1:45 of 3rd period - Wrist shot by Jason Spezza.
1:45 of 3rd period - Stopped by Kevin Poulin with a rebound.
1:56 of 3rd period - Minor Penalty to Jason Spezza for Interference.
1:57 of 3rd period - J.T. Miller wins face-off versus Jonathan Toews in Canucks zone.
2:24 of 3rd period - Chris Tierney is hit by Wojtek Wolski and loses puck.
3:56 of 3rd period - Penalty to Jason Spezza is over, Jason Spezza is back on ice.
4:06 of 3rd period - Minor Penalty to Torey Krug for Slashing.
4:07 of 3rd period - Chris Tierney wins face-off versus Gabriel Landeskog in Bruins zone.
4:21 of 3rd period - Minor Penalty to Travis Hamonic for Holding.
4:22 of 3rd period - J.T. Miller wins face-off versus Gabriel Landeskog in Canucks zone.
4:35 of 3rd period - Wrist shot by Jordan Eberle.
4:35 of 3rd period - Shot Misses the Net.
4:41 of 3rd period - Jordan Eberle is hit by Zack Kassian and loses puck.
5:06 of 3rd period - Yanni Gourde is hit by Madison Bowey and loses puck.
5:26 of 3rd period - Jordan Eberle is hit by Zack Kassian and loses puck.
5:37 of 3rd period - Slapshot by Casey Cizikas.
5:37 of 3rd period - Deflect By Eric Wellwood.
5:37 of 3rd period - Shot Misses the Net.
5:37 of 3rd period - Puck is out of play.
5:38 of 3rd period - J.T. Miller wins face-off versus Eric Wellwood in Canucks zone.
5:43 of 3rd period - Snap shot by Eric Wellwood.
5:43 of 3rd period - Shot Misses the Net.
5:45 of 3rd period - Wrist shot by Adam Pelech.
5:45 of 3rd period - Deflect By Casey Cizikas.
5:45 of 3rd period - Goal by Casey Cizikas - Canucks : 3 - Bruins : 5.
5:46 of 3rd period - J.T. Miller wins face-off versus Gabriel Landeskog in neutral zone.
5:53 of 3rd period - Snap shot by Jordan Eberle.
5:53 of 3rd period - Shot Misses the Net.
5:55 of 3rd period - Snap shot by J.T. Miller.
5:55 of 3rd period - Shot Misses the Net.
6:06 of 3rd period - Penalty to Torey Krug is over, Torey Krug is back on ice.
6:21 of 3rd period - Penalty to Travis Hamonic is over, Travis Hamonic is back on ice.
6:35 of 3rd period - Josh Manson is hit by Robert Nilsson and loses puck.
6:46 of 3rd period - Wrist shot by Robert Nilsson.
6:46 of 3rd period - Shot Misses the Net.
6:52 of 3rd period - Minor Penalty to Torey Krug for Roughing.
6:53 of 3rd period - Chris Tierney wins face-off versus Gabriel Landeskog in Bruins zone.
6:58 of 3rd period - Wrist shot by Jordan Eberle.
6:58 of 3rd period - Goal by Jordan Eberle - Canucks : 4 - Bruins : 5.
6:59 of 3rd period - Jonathan Toews wins face-off versus Chris Tierney in neutral zone.
7:04 of 3rd period - Slapshot by Gabriel Landeskog.
7:04 of 3rd period - Stopped by Matt Hackett with a rebound.
7:28 of 3rd period - Icing by Alexander Wennberg.
7:29 of 3rd period - Alexander Wennberg wins face-off versus Yanni Gourde in Bruins zone.
8:05 of 3rd period - Icing by Jordan Eberle.
8:06 of 3rd period - Chris Tierney wins face-off versus Jonathan Toews in Canucks zone.
8:43 of 3rd period - Snap shot by J.T. Miller.
8:43 of 3rd period - Shot Misses the Net.
8:53 of 3rd period - Slapshot by J.T. Miller.
8:53 of 3rd period - Stopped by Kevin Poulin with a rebound.
8:55 of 3rd period - Wrist shot by J.T. Miller.
8:55 of 3rd period - Shot Blocked by Jonathan Toews.
9:17 of 3rd period - Wrist shot by J.T. Miller.
9:17 of 3rd period - Shot Misses the Net.
9:19 of 3rd period - Slapshot by Alex Goligoski.
9:19 of 3rd period - Deflect By Madison Bowey.
9:19 of 3rd period - Stopped by Kevin Poulin without a rebound.
9:20 of 3rd period - Alexander Wennberg wins face-off versus Yanni Gourde in Bruins zone.
9:35 of 3rd period - Snap shot by Alexander Wennberg.
9:35 of 3rd period - Shot Blocked by Denis Gurianov.
9:37 of 3rd period - Slapshot by Wojtek Wolski.
9:37 of 3rd period - Stopped by Matt Hackett with a rebound.
9:47 of 3rd period - Josh Manson is hit by Mark Jankowski and loses puck.
9:48 of 3rd period - Josh Manson from Bruins is injured at 9:48 of 3rd period (Lacerated Left Calf).
9:49 of 3rd period - Jonathan Toews wins face-off versus Jordan Eberle in Bruins zone.
9:49 of 3rd period - Jonathan Toews is hit by Tyler Cuma.
10:15 of 3rd period - Mark Stone is hit by Tyler Cuma and loses puck.
10:24 of 3rd period - Snap shot by Brock Boeser.
10:24 of 3rd period - Shot Blocked by Jason Demers.
11:32 of 3rd period - Wrist shot by Mark Stone.
11:32 of 3rd period - Deflect By Alexander Wennberg.
11:32 of 3rd period - Shot Misses the Net.
11:32 of 3rd period - Puck is out of play.
11:33 of 3rd period - Yanni Gourde wins face-off versus Alexander Wennberg in Canucks zone.
11:33 of 3rd period - Yanni Gourde is hit by Torey Krug.
11:43 of 3rd period - Snap shot by Yanni Gourde.
11:43 of 3rd period - Shot Misses the Net.
11:49 of 3rd period - Wrist shot by Wojtek Wolski.
11:49 of 3rd period - Deflect By Yanni Gourde.
11:49 of 3rd period - Stopped by Matt Hackett without a rebound.
11:50 of 3rd period - Jonathan Toews wins face-off versus Chris Tierney in Canucks zone.
11:55 of 3rd period - Wrist shot by Gabriel Landeskog.
11:55 of 3rd period - Shot Hit the Post.
12:12 of 3rd period - Jordan Eberle is hit by Jonathan Toews and loses puck.
12:52 of 3rd period - Icing by Adam Pelech.
12:53 of 3rd period - Jonathan Toews wins face-off versus Yanni Gourde in Bruins zone.
13:02 of 3rd period - Snap shot by Zack Kassian.
13:02 of 3rd period - Shot Blocked by Yanni Gourde.
13:04 of 3rd period - Snap shot by Jonathan Toews.
13:04 of 3rd period - Shot Misses the Net.
13:08 of 3rd period - Slapshot by Zack Kassian.
13:08 of 3rd period - Shot Misses the Net.
13:10 of 3rd period - Slapshot by Jonathan Toews.
13:10 of 3rd period - Deflect By Gabriel Landeskog.
13:10 of 3rd period - Stopped by Matt Hackett with a rebound.
13:12 of 3rd period - Slapshot by Gabriel Landeskog.
13:12 of 3rd period - Shot Misses the Net.
13:14 of 3rd period - Wrist shot by Gabriel Landeskog.
13:14 of 3rd period - Shot Blocked by Alex Goligoski.
13:16 of 3rd period - Snap shot by Jonathan Toews.
13:16 of 3rd period - Shot Blocked by Alex Goligoski.
13:18 of 3rd period - Wrist shot by Jonathan Toews.
13:18 of 3rd period - Stopped by Matt Hackett without a rebound.
13:19 of 3rd period - Robert Nilsson wins face-off versus Alexander Wennberg in Canucks zone.
13:45 of 3rd period - Gilbert Brule is hit by Andreas Athanasiou and loses puck.
14:15 of 3rd period - Snap shot by Zemgus Girgensons.
14:15 of 3rd period - Shot Misses the Net.
14:29 of 3rd period - Tony DeAngelo is hit by Alexander Wennberg and loses puck.
15:04 of 3rd period - Snap shot by Jason Spezza.
15:04 of 3rd period - Shot Blocked by Torey Krug.
15:06 of 3rd period - Wrist shot by Mark Jankowski.
15:06 of 3rd period - Stopped by Kevin Poulin with a rebound.
15:08 of 3rd period - Snap shot by Robert Nilsson.
15:08 of 3rd period - Shot Hit the Post.
15:10 of 3rd period - Snap shot by Robert Nilsson.
15:10 of 3rd period - Shot Blocked by Brett Pesce.
16:21 of 3rd period - Wrist shot by Jordan Eberle.
16:21 of 3rd period - Stopped by Kevin Poulin without a rebound.
16:22 of 3rd period - Chris Tierney wins face-off versus Alexander Wennberg in Bruins zone.
16:52 of 3rd period - Snap shot by J.T. Miller.
16:52 of 3rd period - Shot Blocked by Andreas Athanasiou.
16:54 of 3rd period - Wrist shot by Chris Tierney.
16:54 of 3rd period - Stopped by Kevin Poulin with a rebound.
16:56 of 3rd period - Wrist shot by Travis Hamonic.
16:56 of 3rd period - Stopped by Kevin Poulin with a rebound.
17:06 of 3rd period - Snap shot by J.T. Miller.
17:06 of 3rd period - Shot Misses the Net.
17:12 of 3rd period - Wrist shot by Chris Tierney.
17:12 of 3rd period - Shot Misses the Net.
17:14 of 3rd period - Wrist shot by Tony DeAngelo.
17:14 of 3rd period - Shot Blocked by Casey Cizikas.
17:18 of 3rd period - Snap shot by Jordan Eberle.
17:18 of 3rd period - Shot Blocked by Jason Demers.
17:20 of 3rd period - Slapshot by Alex Goligoski.
17:20 of 3rd period - Stopped by Kevin Poulin without a rebound.
17:21 of 3rd period - Yanni Gourde wins face-off versus Jonathan Toews in Bruins zone.
17:33 of 3rd period - Minor Penalty to Zack Kassian for Roughing.
17:34 of 3rd period - Yanni Gourde wins face-off versus Gabriel Landeskog in Bruins zone.
17:48 of 3rd period - Snap shot by Tyler Cuma.
17:48 of 3rd period - Shot Misses the Net.
18:04 of 3rd period - Gabriel Landeskog is hit by J.T. Miller and loses puck.
18:45 of 3rd period - Tony DeAngelo is hit by Mattias Ekholm and loses puck.
19:17 of 3rd period - Canucks, Matt Hackett is pulled from the net.
19:19 of 3rd period - Wrist shot by Brock Boeser.
19:19 of 3rd period - Stopped by Kevin Poulin with a rebound.
19:23 of 3rd period - Slapshot by Brock Boeser.
19:23 of 3rd period - Stopped by Kevin Poulin without a rebound.
19:24 of 3rd period - Daniel Sedin call a timeout for Canucks.
19:24 of 3rd period - Chris Tierney wins face-off versus Gabriel Landeskog in Bruins zone.
19:33 of 3rd period - Penalty to Zack Kassian is over, Zack Kassian is back on ice.
Goals for this period are 1 for Canucks vs 1 for Bruins.
Shots for this period are 12 for Canucks vs 9 for Bruins.